[Event "Team 45 45 League T49"]
[Site "Internet Chess Club"]
[Date "2011.05.20"]
[Round "2"]
[White "Berke"]
[Black "badmove"]
[Result "1/2-1/2"]
[WhiteElo "1613"]
[BlackElo "1726"]
[Opening "Scotch: Schmidt variation"]
[ECO "C45"]
[Time "05:00:43"]
[TimeControl "2700+45"]

1. e4 e5 2. Nf3 Nc6 3. d4 exd4 4. Nxd4 Nf6 5. Nxc6 bxc6 6. Bd3 d5 7. exd5 cxd5
8. Bg5 c6 9. O-O Be7 10. c3 O-O 11. Nd2 Qd6 12. Bxf6 Bxf6 13. Qh5 g6 14. Qf3 Be5
15. g3 Be6 16. Rfe1 Bg7 17. Rac1 Rab8 18. b3 Rfe8 19. Nf1 Rb7 20. Ne3 Rbe7 21.
Ng2 Bd7 22. Rxe7 Rxe7 23. Ne3 Qa3 24. Qd1 Qxa2 25. Ra1 Qb2 26. Rxa7 Qxc3 27.
Ra8+ Re8 28. Rxe8+ Bxe8 29. Qc2 Qxc2 30. Bxc2 d4 31. Nc4 c5 32. Kf1 Kf8 33. Ke2
Ke7 34. f3 Bc6 35. Bd3 Bb5 36. Nb6 Bxd3+ 37. Kxd3 f5 38. b4 cxb4 39. Nd5+ Kd6
40. Nxb4 h5 41. Nc2 Kc5 42. h3 Be5 43. g4 hxg4 44. hxg4 fxg4 45. fxg4 Bf6 46.
Ne1 Kd5 47. Nf3 Be5 48. Ng5 Bf4 49. Nf3 g5 50. Ng1 {Game drawn by mutual
agreement} 1/2-1/2

[Event "Team 45 45 League T49"]
[Site "Internet Chess Club"]
[Date "2011.05.23"]
[Round "2"]
[White "mrmarck"]
[Black "krysto"]
[Result "0-1"]
[WhiteElo "1235"]
[BlackElo "1605"]
[Opening "QGD semi-Slav: 7.Bc4"]
[ECO "D47"]
[Time "17:02:09"]
[TimeControl "2700+45"]

1. d4 d5 2. Nf3 Nf6 3. e3 e6 4. c4 c6 5. Nc3 Nbd7 6. Be2 dxc4 7. Bxc4 Bb4 8. O-O
O-O 9. a3 Bxc3 10. bxc3 b5 11. Bb3 Bb7 12. c4 Qc7 13. Bb2 Rfd8 14. a4 bxc4 15.
Bxc4 c5 16. Re1 cxd4 17. Be2 dxe3 18. fxe3 Ne5 19. Qb3 Nxf3+ 20. gxf3 Nd5 21.
Rac1 Qe7 22. e4 Nf4 23. Bf1 Rab8 24. Qe3 Qg5+ 25. Kh1 Ba6 26. Qf2 Bxf1 27. Rxf1
Nd3 28. Bxg7 Nxf2+ 29. Rxf2 Qxc1+ {White resigns} 0-1

[Event "Team 45 45 League T49"]
[Site "Internet Chess Club"]
[Date "2011.05.20"]
[Round "2"]
[White "tamky70"]
[Black "drsigmund1"]
[Result "0-1"]
[WhiteElo "1349"]
[BlackElo "1433"]
[Opening "Blackmar gambit"]
[ECO "D00"]
[Time "21:00:47"]
[TimeControl "2700+45"]

1. d4 d5 2. e4 dxe4 3. Nc3 Nf6 4. f3 Bf5 5. Be3 e6 6. Qe2 c6 7. O-O-O Bb4 8. Na4
Qa5 9. Nc5 Bxc5 10. dxc5 Qxa2 11. c3 O-O 12. Qc2 exf3 13. Qd3 Bxd3 14. Bxd3 fxg2
15. Ne2 gxh1=Q 16. Rxh1 Na6 17. Rg1 g6 18. Bc2 Nd5 19. Bh6 Rfd8 20. Nd4 Nxc5 21.
Bg5 Rd7 22. h4 e5 23. Nf3 Nb3+ 24. Bxb3 Qxb3 25. Nxe5 Rd6 26. Rf1 f6 27. Bxf6
Nxf6 {White resigns} 0-1

[Event "Team 45 45 League T49"]
[Site "Internet Chess Club"]
[Date "2011.05.23"]
[Round "2"]
[White "dabodhi"]
[Black "Elalfer"]
[Result "0-1"]
[WhiteElo "1192"]
[BlackElo "1359"]
[Opening "Sicilian: closed"]
[ECO "B24"]
[Time "20:00:13"]
[TimeControl "2700+45"]

1. e4 c5 2. Nc3 Nc6 3. g3 e6 4. Bg2 Nge7 5. d3 g6 6. Be3 Qb6 7. Rb1 Bg7 8. Nge2
O-O 9. Qd2 Nd4 10. O-O d6 11. Rfc1 Bd7 12. Bh6 Nec6 13. Bxg7 Kxg7 14. a3 Qc7 15.
Na2 Nxe2+ 16. Qxe2 Nd4 17. Qd2 Rac8 18. b4 c4 19. Kf1 b5 20. Qc3 e5 21. Qd2 Bg4
22. Nc3 Qd7 23. Re1 Qc7 24. Nd5 c3 25. Qg5 Qd7 26. Nf6 Qd8 27. Qxg4 Qxf6 28.
Rbc1 h5 29. Qd1 Qe6 30. Re3 Qa2 31. h4 Qxa3 32. Bh3 Rc7 33. g4 Qxb4 34. gxh5 Qb2
35. hxg6 f6 36. Qh5 Qxc1+ 37. Kg2 Rh8 38. Qg4 Nxc2 39. h5 Nxe3+ 40. fxe3 Qd2+
41. Kg1 c2 42. h6+ Rxh6 43. Qf5 c1=Q+ 44. Bf1 Rxg6+ {White forfeits on time} 0-1

[Event "Team 45 45 League T49"]
[Site "Internet Chess Club"]
[Date "2011.05.20"]
[Round "2"]
[White "Woss"]
[Black "Morovon23"]
[Result "1/2-1/2"]
[WhiteElo "2201"]
[BlackElo "2314"]
[Opening "Caro-Kann: advance variation"]
[ECO "B12"]
[Time "18:00:33"]
[TimeControl "2700+45"]

1. e4 c6 2. d4 d5 3. e5 Bf5 4. Nc3 e6 5. g4 Bg6 6. Nge2 c5 7. h4 Nc6 8. h5 Be4
9. Rh3 Qb6 10. Be3 h6 11. Nxe4 dxe4 12. c3 O-O-O 13. Qc2 cxd4 14. cxd4 Bb4+ 15.
Nc3 Nxd4 16. Qxe4 Bxc3+ 17. bxc3 Qc6 18. Qxc6+ Nxc6 19. f4 Nge7 {Game drawn by
mutual agreement} 1/2-1/2

[Event "Team 45 45 League T49"]
[Site "Internet Chess Club"]
[Date "2011.05.22"]
[Round "2"]
[White "ElCreyente"]
[Black "Barbus"]
[Result "1-0"]
[WhiteElo "2200"]
[BlackElo "2027"]
[Opening "French: Steinitz variation"]
[ECO "C11"]
[Time "16:03:28"]
[TimeControl "2700+45"]

1. e4 e6 2. d4 d5 3. Nc3 Nf6 4. e5 Nfd7 5. Nce2 c5 6. c3 Nc6 7. f4 Qb6 8. Nf3 f6
9. g3 fxe5 10. fxe5 cxd4 11. cxd4 Bb4+ 12. Nc3 O-O 13. Bf4 Ndxe5 14. dxe5 d4 15.
a3 Ba5 16. b4 Nxb4 17. axb4 Bxb4 18. Rb1 Bxc3+ 19. Kf2 Qa5 20. Bd3 Qa2+ 21. Qc2
Qxc2+ 22. Bxc2 a5 23. Ba4 h6 24. h4 Rd8 25. Rhd1 Bd7 26. Bb3 Bc8 27. Bd2 Bxd2
28. Rxd2 b5 29. Rxd4 Rf8 30. Rf4 Bd7 31. Rd1 Rxf4 32. gxf4 a4 33. Ba2 b4 34.
Rxd7 b3 35. Bxb3 axb3 36. Rb7 Ra2+ 37. Kg3 b2 38. h5 Kh8 39. Nd4 b1=Q 40. Rxb1
Ra6 41. Rb8+ Kh7 42. Re8 Ra1 43. Nxe6 Re1 44. Nf8+ Kg8 45. Ng6+ Kf7 46. Rf8+ Ke6
47. f5+ Kd7 48. e6+ Kd6 49. e7 Rxe7 50. Nxe7 Kxe7 51. Ra8 Kf6 52. Kg4 Ke5 53.
Ra6 Kd5 54. Rg6 Ke5 55. Rxg7 Kf6 56. Rg6+ Kf7 57. Rxh6 Kg7 58. Ra6 Kh7 59. Kg5
Kg7 60. Ra7+ Kf8 61. h6 Kg8 62. Kg6 Kf8 63. h7 {Black resigns} 1-0

[Event "Team 45 45 League T49"]
[Site "Internet Chess Club"]
[Date "2011.05.23"]
[Round "2"]
[White "Stryker672"]
[Black "MikeA"]
[Result "1/2-1/2"]
[WhiteElo "1965"]
[BlackElo "2206"]
[Opening "Sicilian: Alapin's variation (2.c3)"]
[ECO "B22"]
[Time "19:00:15"]
[TimeControl "2700+45"]

1. e4 c5 2. c3 d5 3. exd5 Qxd5 4. d4 Nf6 5. Nf3 Nc6 6. Na3 Bg4 7. Be2 e6 8. h3
Bxf3 9. Bxf3 Qd7 10. Nc2 cxd4 11. Nxd4 Nxd4 12. Qxd4 Qxd4 13. cxd4 Nd5 14. Bd2
Rc8 15. Rc1 Rxc1+ 16. Bxc1 Bd6 17. Ke2 Ke7 18. Bd2 Rc8 19. Rc1 Rxc1 20. Bxc1 Bf4
21. Bxd5 Bxc1 22. Bxb7 Bxb2 23. d5 exd5 24. Bxd5 Be5 {Game drawn by mutual
agreement} 1/2-1/2

[Event "Team 45 45 League T49"]
[Site "Internet Chess Club"]
[Date "2011.05.20"]
[Round "2"]
[White "Kueh"]
[Black "M-Abotreka"]
[Result "0-1"]
[WhiteElo "2009"]
[BlackElo "2027"]
[Opening "Caro-Kann: Tartakower (fantasy) variation"]
[ECO "B12"]
[Time "13:44:18"]
[TimeControl "2700+45"]

1. e4 c6 2. d4 d5 3. f3 Qb6 4. Nc3 dxe4 5. fxe4 e5 6. Nf3 exd4 7. Qxd4 Qxd4 8.
Nxd4 Nd7 9. Bf4 Ngf6 10. Bd3 Bb4 11. Kd2 O-O 12. Rae1 Re8 13. Nf5 Ne5 14. a3 Bf8
15. h3 Nh5 16. Bh2 g6 17. Ne3 Bh6 18. Rhf1 f5 19. exf5 Bxf5 20. g4 Bxd3 21. cxd3
Ng7 22. Ne4 Nc4+ 23. dxc4 Rxe4 24. Kd3 Rae8 25. Bg1 R4e7 26. h4 Ne6 27. g5 Bg7
28. Ng2 Bxb2 29. Bxa7 Bxa3 30. Kc3 c5 31. Rd1 b5 32. Bb6 b4+ 33. Kb3 Rb7 34. Rd6
Rxb6 35. Rxb6 Nd4+ 36. Ka2 Re2+ 37. Ka1 Nb3+ 38. Kb1 Rb2# {White checkmated} 0-1

[Event "Team 45 45 League T49"]
[Site "Internet Chess Club"]
[Date "2011.05.20"]
[Round "2"]
[White "qlwqznzn"]
[Black "pestka"]
[Result "0-1"]
[WhiteElo "2390"]
[BlackElo "2342"]
[Opening "Pirc defense"]
[ECO "B07"]
[Time "23:17:28"]
[TimeControl "2700+45"]

1. e4 d6 2. d4 Nf6 3. Nc3 Nbd7 4. f4 e5 5. Nf3 exd4 6. Nxd4 g6 7. Be2 Bg7 8. O-O
O-O 9. Bf3 Re8 10. Re1 Nc5 11. Kh1 Bg4 12. Be3 Ncxe4 13. Bxg4 Nxc3 14. bxc3 Nxg4
15. Qxg4 c5 16. Nf3 Bxc3 17. Bd2 Bxa1 18. Rxa1 h5 19. Qh3 Qc8 20. Qh4 Qf5 21.
Rg1 Re2 22. h3 Qxc2 23. Bc1 Qf5 24. Qg3 Rae8 25. Kh2 R8e4 26. Rd1 d5 27. Nh4 Qe6
28. Nf3 Rc4 29. Qg5 Rcc2 30. Bd2 Qe4 31. Kh1 Rcxd2 32. Rxd2 Rxd2 33. Nxd2 Qe1+
34. Nf1 Qxf1+ 35. Kh2 c4 36. Qe5 Qd3 37. Qb8+ Kg7 38. Qe5+ Kg8 39. Qb8+ Kg7 40.
Qe5+ Kh7 41. Qc7 Qf5 42. g4 hxg4 43. hxg4 Qe6 44. Kg3 Kg7 45. Qc5 Qe1+ 46. Kh3
Qf1+ 47. Kg3 Qd3+ 48. Kh4 c3 49. Qc7 Qd4 50. g5 Qf2+ 51. Kg4 Qg2+ 52. Kh4 Qh2+
53. Kg4 Qe2+ 54. Kh4 d4 55. Qd8 c2 56. Qf6+ Kg8 57. Qd8+ Kg7 58. Qf6+ Kg8 59.
Qd8+ Kh7 60. Qc7 Qe1+ 61. Kg4 Qe6+ 62. Kg3 d3 63. f5 Qxf5 {White resigns} 0-1

[Event "Team 45 45 League T49"]
[Site "Internet Chess Club"]
[Date "2011.05.26"]
[Round "2"]
[White "izit"]
[Black "BigPun21"]
[Result "1/2-1/2"]
[WhiteElo "2241"]
[BlackElo "2165"]
[Opening "King's Indian: 5.Nf3"]
[ECO "E90"]
[Time "15:00:26"]
[TimeControl "2700+45"]

1. d4 Nf6 2. c4 g6 3. Nc3 Bg7 4. e4 d6 5. Nf3 O-O 6. h3 e5 7. d5 a5 8. Bg5 Na6
9. Nd2 Qe8 10. Be2 Nd7 11. a3 f6 12. Bh4 Nb6 13. b3 Bh6 14. O-O f5 15. f3 Rf7
16. Bf2 Qf8 17. Rb1 Bd7 18. b4 axb4 19. axb4 Bg5 20. Re1 Na4 21. Qc2 Qh6 22.
Red1 Nxc3 23. Qxc3 Ba4 24. Nb3 fxe4 25. fxe4 Raf8 26. Rf1 Rxf2 27. Rxf2 Be3 28.
Bf3 Nb8 29. Nd2 Bd4 30. Qd3 Nd7 31. Rf1 Nf6 32. Be2 Nh5 33. Bxh5 gxh5 34. Nf3
Bxf2+ 35. Kxf2 Bd7 36. Ra1 h4 37. Ra7 Qf4 38. Qe3 Qg3+ 39. Kg1 Bxh3 40. Qg5+
Qxg5 41. Nxg5 Bc8 42. c5 Kg7 43. c6 bxc6 44. dxc6 Kg6 45. Nxh7 Kxh7 46. Rxc7+
Kg6 47. b5 Kg5 48. Ra7 Kf4 49. Ra4 h3 50. b6 Rg8 51. Rb4 Ba6 52. b7 Rxg2+ 53.
Kh1 Rc2 54. b8=Q Rc1+ 55. Kh2 Rc2+ 56. Kh1 Rc1+ 57. Kh2 Rc2+ 58. Kh1 {Game drawn
by repetition} 1/2-1/2

[Event "Team 45 45 League T49"]
[Site "Internet Chess Club"]
[Date "2011.05.21"]
[Round "2"]
[White "xec"]
[Black "Jack-ONeill"]
[Result "1-0"]
[WhiteElo "2086"]
[BlackElo "1994"]
[Opening "French: Réti (Spielmann) variation"]
[ECO "C00"]
[Time "13:00:47"]
[TimeControl "2700+45"]

1. e4 e6 2. b3 d5 3. Bb2 dxe4 4. Nc3 Nf6 5. Qe2 Be7 6. Nxe4 O-O 7. Nf3 b6 8.
O-O-O Bb7 9. Nxf6+ Bxf6 10. Ne5 Nc6 11. f4 a5 12. a4 Nd4 13. Qe3 c5 14. Rg1 b5
15. Bxb5 Nxb5 16. axb5 a4 17. g4 axb3 18. Qxb3 Qc7 19. g5 Be7 20. Qc3 f6 21. Ng4
e5 22. gxf6 Bxf6 23. Qc4+ Kh8 24. Nxf6 gxf6 25. fxe5 fxe5 26. Rg5 {Black
resigns} 1-0

[Event "Team 45 45 League T49"]
[Site "Internet Chess Club"]
[Date "2011.05.20"]
[Round "2"]
[White "Kolibri"]
[Black "robertoalvarez"]
[Result "1/2-1/2"]
[WhiteElo "2039"]
[BlackElo "1991"]
[Opening "French: Winawer, advance variation"]
[ECO "C18"]
[Time "14:00:49"]
[TimeControl "2700+45"]

1. e4 e6 2. d4 d5 3. Nc3 Bb4 4. e5 c5 5. a3 Bxc3+ 6. bxc3 Qa5 7. Qd2 Nc6 8. Nf3
Nge7 9. a4 b6 10. Bd3 Ba6 11. O-O cxd4 12. Bxa6 Qxa6 13. cxd4 h6 14. Ba3 Qc4 15.
Rfb1 Nf5 16. c3 Rc8 17. g4 Nfe7 18. Bd6 Na5 19. Ra3 Qc6 20. Qd3 Nc4 21. Bxe7
Kxe7 22. Ra2 Na5 23. Ra3 Qd7 24. Nd2 Rc7 25. Rb5 Qe8 26. Kg2 {Game drawn by
mutual agreement} 1/2-1/2

[Event "Team 45 45 League T49"]
[Site "Internet Chess Club"]
[Date "2011.05.24"]
[Round "2"]
[White "Zugzwanged"]
[Black "Neoman"]
[Result "1-0"]
[WhiteElo "1591"]
[BlackElo "1591"]
[Opening "Scandinavian defense"]
[ECO "B01"]
[Time "16:02:53"]
[TimeControl "2700+45"]

1. e4 d5 2. exd5 Nf6 3. d4 Bg4 4. Nf3 Qxd5 5. Be2 Nc6 6. O-O O-O-O 7. c4 Qf5 8.
Be3 e5 9. d5 e4 10. Nd4 Nxd4 11. Bxd4 Bd6 12. f3 exf3 13. Bxf3 Bxf3 14. Qxf3
Qxf3 15. Rxf3 Ng4 16. h3 Ne5 17. Bxe5 Bxe5 18. Nc3 f6 19. Re1 Rhe8 20. Kf1 Rd7
21. Rfe3 Rde7 22. a3 f5 23. R1e2 g5 24. Nd1 f4 25. Re4 h5 26. Nf2 b6 27. Nd3 Bd6
28. Rxe7 Rxe7 29. Kf2 Kd7 30. Rxe7+ Kxe7 31. Kf3 Kf6 32. Ke4 a5 33. b4 axb4 34.
axb4 Be7 35. h4 Bd6 36. c5 bxc5 37. bxc5 Be7 38. hxg5+ Kxg5 39. Nxf4 Bxc5 40.
Ne6+ {Black resigns} 1-0

[Event "Team 45 45 League T49"]
[Site "Internet Chess Club"]
[Date "2011.05.22"]
[Round "2"]
[White "redboot"]
[Black "plutonas"]
[Result "0-1"]
[WhiteElo "1616"]
[BlackElo "1482"]
[Opening "Ruy Lopez: exchange variation, Alapin gambit"]
[ECO "C68"]
[Time "15:00:40"]
[TimeControl "2700+45"]

1. e4 e5 2. Nf3 Nc6 3. Bb5 a6 4. Bxc6 dxc6 5. O-O Bg4 6. h3 h5 7. d3 Qf6 8. Be3
Bxf3 9. Qxf3 Qxf3 10. gxf3 O-O-O 11. Nd2 f5 12. Bg5 Be7 13. Bxe7 Nxe7 14. Nc4
fxe4 15. fxe4 Ng6 16. Kh2 Rde8 17. Rg1 Re6 18. Ne3 Rf8 19. Nf5 Ne7 20. Nxg7 Ref6
21. Raf1 h4 22. Rg4 Rxf2+ 23. Rxf2 Rxf2+ 24. Rg2 Rf1 25. a4 Kd7 26. Re2 Kd6 27.
Kg2 Rf7 28. Nh5 c5 29. Rf2 Ke6 30. Rxf7 Kxf7 31. Kf3 Kg6 32. Kg4 Nc6 33. c3 Na5
34. Kxh4 Nb3 35. Kg4 Nc1 36. d4 cxd4 37. cxd4 exd4 38. Nf4+ Kf6 39. Kf3 c5 40.
h4 Nb3 41. h5 Nd2+ 42. Ke2 Nxe4 43. Kd3 Kf5 44. h6 Nf6 45. Nd5 Nxd5 46. b4 Nf4+
47. Kc4 cxb4 48. Kxd4 Kg6 49. a5 b3 50. Kc3 Kxh6 51. Kxb3 Kg6 52. Kc4 Ne6 53.
Kd5 Kf5 54. Kd6 Kf6 55. Kd7 Ke5 56. Kc8 Nc5 57. Kc7 Kd5 58. Kb6 Kc4 59. Kc7 Kb5
60. Kc8 Kxa5 {White resigns} 0-1

[Event "Team 45 45 League T49"]
[Site "Internet Chess Club"]
[Date "2011.05.22"]
[Round "2"]
[White "mattphelps"]
[Black "julesraider"]
[Result "0-1"]
[WhiteElo "1396"]
[BlackElo "1534"]
[Opening "French: exchange variation"]
[ECO "C01"]
[Time "19:30:23"]
[TimeControl "2700+45"]

1. e4 e6 2. d4 d5 3. exd5 exd5 4. Nc3 Be6 5. Nf3 Nd7 6. Bd3 Ngf6 7. O-O h6 8.
Bf4 a6 9. Re1 Bb4 10. a3 Ba5 11. b4 Bb6 12. Bf5 Nf8 13. Qd3 Qd7 14. a4 O-O-O 15.
Bxe6 fxe6 16. a5 Ba7 17. Ne5 Qe8 18. b5 g5 19. Bg3 Ne4 20. bxa6 Nxg3 21. hxg3 c6
22. axb7+ Kb8 23. a6 Rh7 24. Rab1 Rd6 25. Na2 c5 26. Qa3 Rc7 27. Re3 Ng6 28. Nc3
Nxe5 29. dxe5 Rb6 30. Nb5 Rxb5 31. Rxb5 Qxb5 32. Rf3 Qe8 33. Qa4 Qe7 34. Rf6 c4
35. Rxh6 Bxf2+ 36. Kxf2 Qc5+ 37. Kf1 Ka7 38. Rh8 Rf7+ 39. Ke1 Qe3+ 40. Kd1 Rf1#
{White checkmated} 0-1

[Event "Team 45 45 League T49"]
[Site "Internet Chess Club"]
[Date "2011.05.25"]
[Round "2"]
[White "JohLeb"]
[Black "Just-Jim"]
[Result "1-0"]
[WhiteElo "1481"]
[BlackElo "1371"]
[Opening "QGA: 3.e4"]
[ECO "D20"]
[Time "17:54:55"]
[TimeControl "2700+45"]

1. d4 d5 2. c4 dxc4 3. e4 b5 4. Nc3 a6 5. Be3 Nf6 6. Be2 Bb7 7. Qc2 h6 8. Rd1 e6
9. Bf3 Bb4 10. Ne2 Bxc3+ 11. bxc3 O-O 12. O-O Nh7 13. Ng3 f5 14. Bf4 Ng5 15. Qe2
fxe4 16. Nxe4 Rxf4 17. Nxg5 Qxg5 18. Bxb7 Ra7 19. Qxe6+ Rf7 20. Bd5 Qf6 21. Qxf6
gxf6 22. Rfe1 c6 23. Bxf7+ Kxf7 24. Re3 c5 25. dxc5 Nc6 26. Rd6 Ne5 27. f4 Nd3
28. Ree6 Nxc5 29. Rxf6+ Kg7 30. Rxh6 Ne4 31. Rxa6 Rxa6 32. Rxa6 Nxc3 33. a3 Ne2+
34. Kf2 Nxf4 35. Ra5 Nd3+ 36. Ke3 Ne5 37. Rxb5 c3 38. Rxe5 c2 39. Rc5 c1=Q+ 40.
Rxc1 {Black resigns} 1-0

[Event "Team 45 45 League T49"]
[Site "Internet Chess Club"]
[Date "2011.05.23"]
[Round "2"]
[White "katikus"]
[Black "misuc56"]
[Result "1-0"]
[WhiteElo "1683"]
[BlackElo "1758"]
[Opening "Sicilian: Alapin's variation (2.c3)"]
[ECO "B22"]
[Time "18:00:13"]
[TimeControl "2700+45"]

1. e4 c5 2. c3 Nc6 3. d4 cxd4 4. cxd4 d6 5. Nc3 g6 6. Nf3 Bg7 7. Be3 Bd7 8. Be2
a6 9. O-O h5 10. Rc1 Nf6 11. h3 Nh7 12. d5 Ne5 13. Nxe5 Bxe5 14. Bd4 Bf6 15. f4
O-O 16. e5 dxe5 17. fxe5 Bg7 18. Qd2 b5 19. a3 Rb8 20. Na2 e6 21. Nb4 a5 22. Na6
Ra8 23. Nc7 Rb8 24. d6 b4 25. axb4 axb4 26. b3 f5 27. Na6 Ra8 28. Rc7 Bc8 29.
Nxb4 f4 30. Rxf4 Bh6 31. Rxf8+ Qxf8 32. Be3 Bg7 33. d7 Bxd7 34. Qxd7 Ra1+ 35.
Bd1 Rxd1+ 36. Qxd1 Qxb4 37. Qf1 Ng5 38. Rc8+ Kh7 39. Bxg5 Qd4+ 40. Kh1 Qxe5 41.
b4 Qxg5 42. b5 Qd5 43. Rc7 h4 44. Qf8 Kh6 45. Qxg7+ Kh5 46. Qc3 Qd1+ 47. Kh2
Qd6+ 48. g3 hxg3+ 49. Kg2 Kh6 50. Qg7+ Kh5 51. Qh7+ Kg5 52. Qe7+ {Black resigns}
1-0

[Event "Team 45 45 League T49"]
[Site "Internet Chess Club"]
[Date "2011.05.24"]
[Round "2"]
[White "lookatall65sqas"]
[Black "AVEMARIA"]
[Result "1-0"]
[WhiteElo "1580"]
[BlackElo "1720"]
[Opening "QGD Slav: Dutch variation"]
[ECO "D18"]
[Time "18:01:53"]
[TimeControl "2700+45"]

1. d4 d5 2. c4 c6 3. Nf3 Nf6 4. Nc3 dxc4 5. a4 Bf5 6. e3 e6 7. Bxc4 Be7 8. O-O
O-O 9. Nh4 Nbd7 10. Nxf5 exf5 11. Qc2 g6 12. e4 fxe4 13. Bh6 Nb6 14. Bxf8 Bxf8
15. Nxe4 Qxd4 16. Nxf6+ Qxf6 17. a5 Nxc4 18. Qxc4 Re8 19. b3 Qe5 20. a6 Qc7 21.
axb7 Qxb7 22. g3 c5 23. Qa4 Rb8 24. Rfd1 Bg7 25. Rd7 Qf3 26. Qxa7 Bxa1 27. Qxb8+
Kg7 28. Qf4 Qxb3 29. Qe3 Qb1+ 30. Kg2 Qf5 31. Rc7 Bd4 32. Qf3 Qxf3+ 33. Kxf3 Kf6
34. Ke2 g5 35. g4 Kg6 36. f3 f6 37. h3 h5 38. Kd3 hxg4 39. hxg4 Bf2 40. Ke4 Bd4
41. Kd5 Be3 42. Ke6 Bd4 43. Ke7 Kg7 44. Ke6+ Kg6 45. Rc6 Be3 46. Kd5 Bd4 47. Kd6
Kf7 48. Rc7+ Kg6 49. Re7 Bf2 50. Kc6 c4 51. Re2 Bd4 52. Re4 Be5 53. Rxc4 Kf7 54.
Kd5 Ke7 55. Re4 Kf7 56. Rxe5 fxe5 57. Kxe5 Kg7 58. Kf5 {Black resigns} 1-0

[Event "Team 45 45 League T49"]
[Site "Internet Chess Club"]
[Date "2011.05.22"]
[Round "2"]
[White "losscause"]
[Black "Chess64655"]
[Result "1/2-1/2"]
[WhiteElo "1584"]
[BlackElo "1639"]
[Opening "Queen's pawn game"]
[ECO "A46"]
[Time "15:03:01"]
[TimeControl "2700+45"]

1. d4 Nf6 2. Nf3 d6 3. Bg5 e6 4. e3 Be7 5. Bd3 Nc6 6. c3 e5 7. e4 exd4 8. cxd4
Bg4 9. Be3 a6 10. Nbd2 Bh5 11. h3 Qd7 12. Qb3 Na5 13. Qc2 Nc6 14. Qb3 O-O 15. d5
Ne5 16. Nxe5 dxe5 17. Nc4 Bd6 18. Rc1 Bg6 19. Nd2 Rfb8 20. O-O Nh5 21. Nc4 Nf4
22. Bxf4 exf4 23. e5 Bxd3 24. Qxd3 Bf8 25. d6 b5 26. Na5 cxd6 27. Rfd1 {Game
drawn by mutual agreement} 1/2-1/2

[Event "Team 45 45 League T49"]
[Site "Internet Chess Club"]
[Date "2011.05.23"]
[Round "2"]
[White "filiusdextris"]
[Black "CamLeslie"]
[Result "1-0"]
[WhiteElo "2116"]
[BlackElo "1988"]
[Opening "Sicilian: closed, 6.f4 e5 (Botvinnik)"]
[ECO "B25"]
[Time "19:01:23"]
[TimeControl "2700+45"]

1. e4 c5 2. Nc3 g6 3. g3 Bg7 4. Bg2 Nc6 5. d3 d6 6. f4 e5 7. Nf3 Nge7 8. O-O O-O
9. f5 gxf5 10. Nh4 fxe4 11. dxe4 Be6 12. Nd5 f5 13. Bg5 fxe4 14. Rxf8+ Kxf8 15.
Bxe4 Bxd5 16. Bxd5 Qd7 17. Qf3+ Ke8 18. Qf7+ Kd8 19. Be6 {Black resigns} 1-0

[Event "Team 45 45 League T49"]
[Site "Internet Chess Club"]
[Date "2011.05.19"]
[Round "2"]
[White "Camden772"]
[Black "mickeys"]
[Result "0-1"]
[WhiteElo "1809"]
[BlackElo "1972"]
[Opening "French: King's Indian attack"]
[ECO "C00"]
[Time "22:00:14"]
[TimeControl "2700+45"]

1. e4 e6 2. d3 d5 3. Nd2 Bd7 4. Ngf3 dxe4 5. dxe4 Be7 6. Bc4 Nf6 7. O-O Nc6 8.
e5 Nd5 9. Ne4 Nb6 10. Bd3 Nb4 11. c3 Nxd3 12. Qxd3 Bc6 13. Qc2 Qd5 14. Re1 Rd8
15. Bf4 Qd3 16. Qxd3 Rxd3 17. Nfd2 O-O 18. Re3 Rfd8 19. Rg3 Bxe4 {White resigns}
0-1

[Event "Team 45 45 League T49"]
[Site "Internet Chess Club"]
[Date "2011.05.21"]
[Round "2"]
[White "VietLion"]
[Black "L0-VE"]
[Result "0-1"]
[WhiteElo "1949"]
[BlackElo "1852"]
[Opening "Caro-Kann: Panov-Botvinnik, normal variation"]
[ECO "B13"]
[Time "16:33:52"]
[TimeControl "2700+45"]

1. e4 c6 2. d4 d5 3. exd5 cxd5 4. c4 Nf6 5. Nc3 Nc6 6. Bg5 e6 7. Nf3 Be7 8. c5
b6 9. Bb5 Bd7 10. Qa4 Qc7 11. b4 Ne4 12. Nxe4 dxe4 13. Bxe7 Kxe7 14. Ng5 a6 15.
Bxc6 Bxc6 16. Qc2 h6 17. Nxe4 Qf4 18. f3 Qe3+ 19. Qe2 Qxd4 20. Rb1 Rhd8 21. cxb6
Qxb6 22. Qf2 Qxf2+ 23. Nxf2 Bb5 24. Ne4 Rd4 25. Kf2 a5 26. Nc3 Bd3 27. Rbd1 axb4
28. Ke3 Rc4 29. Nd5+ exd5 30. Rxd3 Rxa2 31. Rxd5 Rc3+ 32. Rd3 Rxd3+ 33. Kxd3
Rxg2 34. h4 b3 35. Kc3 b2 36. Kd3 Ke6 37. Ke4 f5+ 38. Kd4 Rh2 39. Re1+ Kf6 40.
Kc3 Rxh4 41. Kxb2 Rf4 42. Re3 g5 43. Kc2 g4 44. fxg4 fxg4 45. Kd2 h5 46. Rg3 h4
47. Rg1 Kg5 48. Ke3 h3 49. Ra1 h2 50. Ra5+ Rf5 51. Ra1 g3 {White resigns} 0-1

[Event "Team 45 45 League T49"]
[Site "Internet Chess Club"]
[Date "2011.05.24"]
[Round "2"]
[White "playwaycool"]
[Black "SlimeDog2"]
[Result "1-0"]
[WhiteElo "2081"]
[BlackElo "2035"]
[Opening "Queen's pawn game"]
[ECO "A45"]
[Time "21:02:33"]
[TimeControl "2700+45"]

1. d4 Nf6 2. e3 d5 3. c4 c6 4. Nc3 a6 5. cxd5 cxd5 6. Nf3 Nc6 7. Be2 Bf5 8. Bd3
Bg6 9. Bxg6 hxg6 10. O-O e6 11. Ne2 Bd6 12. h3 Ne4 13. Nd2 g5 14. Nxe4 dxe4 15.
Nc3 f5 16. d5 Ne5 17. dxe6 g4 18. Qd5 Nf3+ 19. gxf3 Rxh3 20. e7 Qxe7 21. f4 g3
22. Qg8+ Kd7 23. Qxa8 Rh1+ 24. Kg2 Rh2+ 25. Kg1 Qh4 26. Qxb7+ Ke6 27. Qc8+ Kf7
28. Qxf5+ Kg8 29. Qe6+ Kh8 30. Qe8+ Kh7 31. Qxe4+ Kh6 32. Qf3 g2 33. Qg3 {Black
resigns} 1-0

[Event "Team 45 45 League T49"]
[Site "Internet Chess Club"]
[Date "2011.05.22"]
[Round "2"]
[White "chsrules88"]
[Black "saychess"]
[Result "1/2-1/2"]
[WhiteElo "2021"]
[BlackElo "2081"]
[Opening "Sicilian"]
[ECO "B50"]
[Time "22:00:13"]
[TimeControl "2700+45"]

1. e4 c5 2. Nf3 d6 3. Bd3 Nc6 4. O-O Nf6 5. Re1 e6 6. c3 Be7 7. Bc2 O-O 8. d4 e5
9. Bg5 Qb6 10. dxe5 dxe5 11. b3 h6 12. Bxf6 Bxf6 13. h3 Rd8 14. Qe2 Be6 15. Nbd2
Qa5 16. Qe3 Qa3 17. Bd3 Na5 18. Qe2 c4 19. Nxc4 Nxc4 20. Bxc4 Bxc4 21. Qxc4 Rac8
22. Qb5 Rxc3 23. Qxb7 Rc2 24. Qb5 Rxa2 25. Rxa2 Qxa2 26. Nxe5 Bxe5 27. Qxe5 Qxb3
28. Qc5 Qb6 29. Qxb6 axb6 30. Rb1 Rb8 31. Kf1 Kf8 32. Ke2 Ke7 33. Kd3 Kd6 34.
Kd4 f6 35. f4 g5 36. g3 Ke6 37. h4 Rd8+ 38. Ke3 gxf4+ 39. gxf4 Rd6 40. Rb5 Kf7
41. e5 fxe5 42. fxe5 Rc6 43. Kd4 Rg6 44. Kd5 Rg4 45. Rxb6 Rxh4 46. Rb7+ Kf8 47.
e6 Rh1 48. Rh7 Ke8 49. Rh8+ Ke7 50. Rh7+ Ke8 51. Ke5 Re1+ 52. Kf5 Rf1+ 53. Kg6
Rg1+ 54. Kf5 Rf1+ 55. Kg4 Rf6 56. e7 Re6 57. Kh5 Rxe7 58. Rxh6 Re5+ 59. Kg4 Kd7
60. Kf4 Re6 61. Rxe6 Kxe6 {Game drawn because neither player has mating
material} 1/2-1/2